 Dungeon Crawl Stone Soup version 0.30-a0-583-g19bae12e61 (webtiles) character file.

Game seed: 8594034872701685001

7 Citaku the Charlatan (level 2, 0/24 HPs)
             Began as a Human Wanderer on Jan 1, 2023.
             Slain by a rat (2 damage)
             ... on level 1 of the Dungeon.
             The game lasted 00:01:03 (183 turns).

Citaku the Charlatan (Human Wanderer)                Turns: 183, Time: 00:01:03

Health: 0/24       AC:  3    Str: 14    XL:     2   Next: 5%
Magic:  2/2        EV: 11    Int: 10    God:
Gold:   9          SH:  0    Dex: 12    Spells: 1/1 levels left

rFire   . . .      SeeInvis .    a - +1 sling
rCold   . . .      Faith    .    (no shield)
rNeg    . . .      Spirit   .    d - +0 leather armour
rPois   .          Reflect  .    (no helmet)
rElec   .          Harm     .    (no cloak)
rCorr   .          Rampage  .    (no gloves)
Will    .....                    (no boots)
Stlth   +                        (no amulet)
HPRegen 0.24/turn                (no ring)
MPRegen 0.08/turn                (no ring)

@: no status effects
A: no striking features
a: no special abilities


You were on level 1 of the Dungeon.
You visited 1 branch of the dungeon, and saw 1 of its levels.

You collected 9 gold pieces.

Inventory:

Hand Weapons
 a - a +1 sling (weapon)
Armour
 d - a +0 leather armour (worn)
Jewellery
 e - a ring of magical power
Potions
 c - a potion of haste
 f - 2 potions of mutation {unknown}
Miscellaneous
 b - a box of beasts (inert) (quivered)


   Skills:
 + Level 3.1 Fighting
 + Level 1.1 Ranged Weapons
 + Level 0.1 Armour
 + Level 0.2 Dodging
 + Level 1.0 Stealth
 + Level 5.1 Evocations


You had one spell level left.
You didn't know any spells.
Your spell library was empty.

Dungeon Overview and Level Annotations

Branches:
Dungeon (1/15)

Altars:


Message History

The rat attacks as you move away! The rat closely misses you.
The rat bites you but does no damage. The bat misses you.
You shoot a sling bullet. The sling bullet barely misses the bat.
The bat barely misses you. The rat bites you.
* * * LOW HITPOINT WARNING * * *
The rat misses you. The rat barely misses you. x2
The bat closely misses you.
The rat bites you but does no damage. x2
You shoot a sling bullet.
The sling bullet completely misses the rat.
The bat hits you but does no damage. The rat bites you.
* * * LOW HITPOINT WARNING * * *
The rat barely misses you. The bat hits you but does no damage.
The bat attacks as you move away! The bat hits you but does no damage. x2
The rat barely misses you. The rat closely misses you.
There are monsters nearby!
The bat closely misses you. The rat bites you.
* * * LOW HITPOINT WARNING * * *
The rat closely misses you. The rat barely misses you.
You shoot a sling bullet. The sling bullet hits the rat.
You kill the rat!
The bat barely misses you. The rat barely misses you.
The bat attacks as you move away! The bat hits you but does no damage.
The bat barely misses you. The rat misses you.
You shoot a sling bullet. The sling bullet hits the rat.
The rat is severely wounded.
The bat barely misses you. The rat closely misses you. The rat bites you.
* * * LOW HITPOINT WARNING * * *
You shoot a sling bullet.
The sling bullet closely misses the rat.
The bat closely misses you. The rat bites you.
* * * LOW HITPOINT WARNING * * *
The bat hits you.
* * * LOW HITPOINT WARNING * * *
The bat attacks as you move away! The bat barely misses you. The bat hits you.
* * * LOW HITPOINT WARNING * * *
There are monsters nearby!
There are monsters nearby!
The rat bites you.
You die...

♣♣♣ ♣♣♣....###..#
♣♣♣....### .##
♣♣♣.....## ..
♣♣♣♣♣♣......## ..
♣♣♣♣♣♣.......$..## #
♣.....$......#####..
..........#.>....?..
####.).............
#.....b@.......#
#......r.......#
#.........######
#######..## #..#
#..# .... .....
......


You could see a bat and a rat.

Vanquished Creatures
  A goblin (D:1)
  A hobgoblin (D:1)
  A quokka (D:1)
  A frilled lizard (D:1)
  A rat (D:1)
5 creatures vanquished.

Vanquished Creatures (collateral kills)
  A giant cockroach (D:1)
1 creature vanquished.

Grand Total: 6 creatures vanquished

Notes
Turn   | Place    | Note
-------+----------+-------------------------------------------
     0 | D:1      | Citaku the Human Wanderer began the quest for the Orb.
     0 | D:1      | Citaku set off with the following items: a +1 sling, a box
                  | of beasts, a potion of haste, a +0 leather armour.
     0 | D:1      | Reached XP level 1. HP: 18/18 MP: 1/1
   147 | D:1      | Reached XP level 2. HP: 6/24 MP: 2/2
   183 | D:1      | Slain by a rat

Illustrated notes

Levels and vault maps discovered:
D:1:      kilobyte_arrival_exit_the_forest, layout_basic,
          ebering_ecumenical_altar_sacrificial

Action                   || total
-------------------------++-------
 Fire: Sling             ||    24
Evoke: Box of beasts     ||     1
Armor: Leather armour    ||    56
Dodge: Dodged            ||    93

Table legend: (Time is in decaauts)
 A = Elapsed time spent in this place.
 B = Non-inter-level travel time spent in this place.
 C = Inter-level travel time spent in this place.
 D = Time resting spent in this place.
 E = Time spent auto-exploring this place.
 F = Levels seen in this place.
 G = Mean time per level.
                   A        B        C        D        E       F      G
               +--------+--------+--------+--------+--------+-----+--------+
         Total |    193 |    193 |      0 |      0 |     62 |   1 |  193.0 |
       Dungeon |    193 |    193 |      0 |      0 |     62 |   1 |  193.0 |
               +--------+--------+--------+--------+--------+-----+--------+

Top non-repeatable levels by time:
     D:1: 193 daAuts
